 Dungeon Crawl Stone Soup version 0.20.1-1-g8b1a95d (webtiles) character file.

50533 vatarom the Envoy of Void (level 14, -3/115 HPs)
             Began as a Demonspawn Abyssal Knight on Sept 24, 2017.
             Was a High Priest of Lugonu.
             Slain by an unseen horror (7 damage)
             ... on level 11 of the Dungeon.
             The game lasted 00:49:25 (20423 turns).

vatarom the Envoy of Void (DsAK)                   Turns: 20423, Time: 00:49:26

Health: -3/115     AC: 17    Str: 20    XL:     14   Next: 20%
Magic:  19/23      EV: 18    Int: 16    God:    Lugonu [*****.]
Gold:   1178       SH:  6    Dex: 16    Spells: 15/15 levels left

rFire    + + .     SeeInvis .   n - +1 glaive (elec)
rCold    + + .     Gourm    .   (shield currently unavailable)
rNeg     . . .     Faith    .   q - +0 troll leather armour
rPois    +         Spirit   .   E - +2 helmet
rElec    .         Reflect  +   v - scarf {rC+ rF+}
rCorr    .         Harm     .   F - +0 pair of gloves of the Volcano {rPois Str+4}
MR       +....                  u - +1 pair of boots
Stlth    +.........             H - +6 amulet of reflection
Regen    0.7/turn               i - ring of poison resistance
MPRegen  0.2/turn               w - ring of protection from fire

@: no status effects
A: hooves 1, iridescent scales 2, agile 1, clever 1, cold resistance 1, demonic
guardian 2, spiny 2, subdued magic 1
a: Depart the Abyss, Bend Space, Banish, Corrupt, Enter the Abyss, Renounce
Religion


You were on level 11 of the Dungeon.
You worshipped Lugonu.
Lugonu was extremely pleased with you.
You were very full.

You visited 3 branches of the dungeon, and saw 19 of its levels.
You visited the Abyss 1 time.

You collected 1178 gold pieces.

Inventory:

Hand Weapons
 n - a +1 glaive of electrocution (weapon)
Armour
 q - a +0 troll leather armour (worn)
 u - a +1 pair of boots (worn)
 v - a scarf of resistance (worn)
 E - a +2 helmet (worn)
 F - the +0 pair of gloves of the Volcano (worn) {rPois Str+4}
   (You found it on level 2 of the Lair of Beasts)

   It affects your strength (+4).
   It protects you from poison.
Jewellery
 i - a ring of poison resistance (left hand)
 w - a ring of protection from fire (right hand)
 H - a +6 amulet of reflection (around neck)
Wands
 b - a wand of clouds (3/9)
 o - a wand of polymorph (5/24)
 p - a wand of iceblast (2/15)
 y - a wand of random effects (33/48)
 A - a wand of digging (9/24)
 B - a wand of confusion (37/48)
 C - a wand of acid (4/15)
Scrolls
 a - 11 scrolls of remove curse
 e - a scroll of amnesia
 f - 3 scrolls of magic mapping
 k - 5 scrolls of fog
 J - 2 scrolls of fear
 K - 3 scrolls of identify
 L - a scroll of recharging
Potions
 s - a potion of agility
 t - 3 potions of might
 x - a potion of flight
 z - 4 potions of curing
 G - 3 potions of haste
 M - a potion of brilliance
 N - a potion of cancellation
Books
 r - a book of Minor Magic

   Spells                             Type                      Level
   a - Magic Dart                     Conjuration                  1
   b - Blink                          Translocation                2
   c - Call Imp                       Summoning                    2
   d - Slow                           Hexes                        2
   e - Conjure Flame                  Conjuration/Fire             3
   f - Mephitic Cloud                 Conjuration/Poison/Air       3
 I - a book of Frost

   Spells                             Type                      Level
   a - Freeze                         Ice                          1
   b - Throw Frost                    Conjuration/Ice              2
   c - Ozocubu's Armour               Charms/Ice                   3
   d - Throw Icicle                   Conjuration/Ice              4
   e - Summon Ice Beast               Ice/Summoning                4
Miscellaneous
 m - a phial of floods (inert)
Comestibles
 c - 2 bread rations
 d - 9 royal jellies
 g - 13 meat rations
 j - 11 fruits


   Skills:
 + Level 12.0 Fighting
 + Level 12.3 Polearms
 - Level 10.8 Armour
 * Level 9.0 Dodging
 - Level 1.1 Spellcasting
 + Level 12.4 Invocations


You had 15 spell levels left.
You didn't know any spells.

Dungeon Overview and Level Annotations

Branches:
Dungeon (12/15)            Temple (1/1) D:7            Lair (6/6) D:11
  Swamp (0/4) Lair:2        Snake (0/4) Lair:4        Slime (0/5) Lair:5
    Orc (0/2) D:10

Altars:
Ashenzari
Cheibriados
Dithmenos
Elyvilon
Fedhas
Gozag
Hepliaklqana
Kikubaaqudgha
Makhleb
Nemelex Xobeh
Okawaru
Qazlal
Ru
Sif Muna
Trog
Uskayaw
Vehumet
Xom
Yredelemnul
Zin
The Shining One
Jiyva

Shops:
D:4 ?

Annotations:
Lair:5 1 runed door
Abyss:1 Dowan, Duvessa, Snorg


Innate Abilities, Weirdness & Mutations

You have large cloven feet.
You are mostly covered in iridescent scales. (AC +4)
A demonic guardian rushes to your aid.
You are mostly covered in sharp spines.
You are agile. (Dex +2)
Your mind is acute. (Int +2)
Your flesh is cold resistant. (rC+)
Your spells are a little easier to cast, but a little less powerful.


Message History

The deep troll completely misses you. The deep troll claws you.
* * * LOW HITPOINT WARNING * * *
The deep troll misses you. Space bends around you!
You blink.
Press: ? - help, Shift-Dir - straight line, f/p - deep troll
Aim: a deep troll (translocational energy, severely wounded, chance to defeat MR: 76%)
The deep troll is devoured by a tear in reality.
Lugonu claims a new guest.
Your Dodging skill increases to level 9!
You feel somewhat less full. You block something's attack.
You see here a large rock.
Something hits you but does no damage. You block something's attack.
Something hits you.
* * * LOW HITPOINT WARNING * * *
Something hits you!
* * * LOW HITPOINT WARNING * * *
You block something's attack.
You start resting.
Something hits you!
You die...

)## ###..# ##.# ##.## ##!..##.≈
..###....# ##..###...#
##..#..###
....########..###...##
#..###.#.. ..### #....###..###
#.## ##### #..# #.###.##..###
#.# #.. ##.##
##...###..##.####.#### ###
##.##
#.#.####...........#.###.)
##.###..####...........#.##.###
##.....##..#.@...(.(..(###.#..
#.#....##.##.......#..§....#.#
#.#.....[........###.#####.##.
##.............#....### #...#
##........#....###.#.####.###
###.......##..........#.###..#
##....#.............#.....##...
#
#.##..#..<#.#....#........##...
#
#..#.......................#...


There were no monsters in sight!

Vanquished Creatures
  A dire elephant (Lair:6)
  2 fire dragons
  A catoblepas (Lair:6)
  A centaur warrior (D:11)
  A death yak (Lair:3)
  Sonja (D:10)
  A swamp dragon (Lair:6)
  A lindwurm (Lair:6)
  2 phantasmal warriors (D:11)
  An orc knight (D:11)
  Pikel (D:8)
  A cyclops (D:11)
  An oklob plant (Lair:6)
  8 elephants
  2 manticores (Lair:6)
  6 black mambas
  Psyche (D:11)
  6 spiny frogs
  A torpor snail (Lair:6)
  2 centaur skeletons (D:11)
  7 komodo dragons
  5 rime drakes
  A polar bear (Lair:4)
  2 trolls
  Grinder (D:4)
  A raiju (D:9)
  7 hippogriffs
  10 blink frogs
  A dream sheep (Lair:6)
  A wraith (D:11)
  30 yaks
  A wyvern (D:10)
  3 basilisks
  2 hungry ghosts
  A steam dragon (D:11)
  Menkaure (D:4)
  An acid dragon (Lair:6)
  A naga (Lair:4)
  8 water moccasins
  16 soldier ants
  8 porcupines
  2 swamp drakes (Lair:6)
  2 black bears
  5 orc warriors
  5 ice beasts
  3 phantoms
  A sky beast (D:11)
  2 eyes of draining (D:11)
  5 ogres
  9 centaurs
  The ghost of tarantulino the Poker, an amateur MfSk (D:3)
  7 wolves
  19 crocodiles
  A big kobold (D:10)
  A wyvern zombie (D:9)
  11 bullfrogs
  11 killer bees
  2 electric eels (Lair:3)
  6 howler monkeys
  A vampire bat (Lair:3)
  7 crimson imps
  2 centaur zombies
  A quasit (D:11)
  3 orc priests
  5 hounds
  A jelly (D:8)
  5 bullfrog skeletons
  11 orc wizards
  A gnoll shaman (D:6)
  2 iguanas
  23 worker ants
  A hound zombie (D:7)
  3 hound skeletons
  A mummy (D:4)
  2 worker ant zombies
  13 adders
  5 gnolls
  2 shadow imps
  An adder zombie (D:6)
  A worm (D:3)
  7 dart slugs
  5 leopard geckos
  42 orcs
  2 giant cockroaches
  8 goblins
  5 hobgoblins
  7 jackals
  11 kobolds
  4 quokkas
  17 bats
  4 frilled lizards (D:2)
  A jackal skeleton (D:6)
  A leopard gecko skeleton (D:4)
  8 rats
  3 plants
458 creatures vanquished.

Vanquished Creatures (collateral kills)
  3 catoblepae
  The ghost of vineage the Carver, a novice DsGl of Okawaru (D:7)
  An ugly thing (D:11)
  2 oklob plants (Lair:2)
  2 elephants (Lair:4)
  A spiny frog (Lair:6)
  A rime drake (Lair:6)
  13 blink frogs
  3 dream sheep (Lair:6)
  4 yaks
  A basilisk (Lair:6)
  A naga (Lair:4)
  3 soldier ants
  A water moccasin (Lair:6)
  2 ogres
  A sky beast (D:9)
  4 wolves (Lair:4)
  2 electric eels (Lair:2)
  2 orc wizards (D:8)
  2 worker ants (D:9)
  A gnoll (D:6)
  3 orcs
  A jackal (D:9)
  A fungus (Lair:3)
56 creatures vanquished.

Vanquished Creatures (others)
  A tengu reaver (D:11)
  An ettin (D:11)
  2 hydras
  The ghost of Ratty the Arsonist, a journeyman DEFE of Vehumet (Lair:1)
  A catoblepas (Lair:6)
  A queen ant (D:9)
  A deep troll (D:11)
  An ugly thing (D:11)
  A spiny frog (Lair:6)
  A komodo dragon (Lair:2)
  A shadow (D:11)
  An orc warrior (D:7)
  A sky beast (D:7)
  A slave (D:8)
  An ogre (D:8)
  A scorpion (D:8)
  An orc wizard (D:4)
  A killer bee zombie (D:8)
  An adder (D:8)
  3 orcs
  17 fungi (Lair:6)
  8 plants (Lair:6)
  8 toadstools (Lair:3)
56 creatures vanquished.

Grand Total: 570 creatures vanquished

Notes
Turn   | Place    | Note
-------+----------+-------------------------------------------
     0 | Abyss:1  | vatarom the Demonspawn Abyssal Knight began the quest for the Orb.
     0 | Abyss:1  | Reached XP level 1. HP: 18/18 MP: 2/2
    36 | D:1      | Escaped the Abyss
    69 | D:1      | Reached skill level 1 in Dodging
   131 | D:1      | Gained mutation: You are partially covered in sharp spines. [demonic ancestry]
   131 | D:1      | Reached XP level 2. HP: 24/24 MP: 3/3
   832 | D:1      | Reached ** piety under Lugonu
  1004 | D:1      | Gained mutation: You are partially covered in iridescent scales. (AC +2) [demonic ancestry]
  1004 | D:1      | Reached XP level 3. HP: 29/29 MP: 5/5
  1660 | D:2      | Gained mutation: You are mostly covered in sharp spines. [demonic ancestry]
  1660 | D:2      | Reached XP level 4. HP: 33/35 MP: 6/6
  1946 | D:2      | Gained mutation: Your flesh is cold resistant. (rC+) [potion of mutation]
  1946 | D:2      | Gained mutation: Your spells are a little easier to cast, but a little less powerful. [potion of mutation]
  1946 | D:2      | Gained mutation: You are agile. (Dex +2) [potion of mutation]
  1946 | D:2      | Gained mutation: You evolve. [potion of mutation]
  2045 | D:3      | Noticed tarantulino's ghost (amateur MfSk)
  2070 | D:3      | Killed tarantulino's ghost
  2070 | D:3      | Gained mutation: You are mostly covered in iridescent scales. (AC +4) [demonic ancestry]
  2070 | D:3      | Reached XP level 5. HP: 28/41 MP: 7/7
  2316 | D:3      | Noticed a two-headed ogre
  2516 | D:3      | Found a white marble altar of Elyvilon.
  2638 | D:3      | Reached *** piety under Lugonu
  2744 | D:4      | Noticed Duvessa
  2756 | D:4      | Noticed Dowan
  2773 | D:4      | Reached XP level 6. HP: 43/48 MP: 5/9
  3019 | D:4      | Found an ancient bone altar of Kikubaaqudgha.
  3094 | D:4      | Found a transporter.
  3099 | D:4      | Found a transporter.
  3106 | D:4      | Noticed Menkaure
  3106 | D:4      | Found a basalt altar of Yredelemnul.
  3115 | D:4      | Killed Menkaure
  3336 | D:4      | Noticed Grinder
  3340 | D:4      | Paralysed by Grinder for 3 turns
  3347 | D:4      | Paralysed by Grinder for 4 turns
  3354 | D:4      | Killed Grinder
  3354 | D:4      | Reached skill level 5 in Polearms
  3354 | D:4      | Reached skill level 5 in Invocations
  3354 | D:4      | Reached XP level 7. HP: 21/55 MP: 10/10
  3415 | D:4      | Gained mutation: Your mind is acute. (Int +2) [evolution]
  3415 | D:4      | Lost mutation: You evolve. [end of evolution]
  3658 | D:4      | Banished Dowan
  3702 | D:4      | Banished Duvessa
  3786 | D:4      | Found Moocatul's Magic Scroll Emporium.
  4030 | D:4      | Reached skill level 5 in Fighting
  4137 | D:5      | Entered Level 5 of the Dungeon
  4390 | D:5      | Gained mutation: A weak demonic guardian rushes to your aid. [demonic ancestry]
  4390 | D:5      | Reached XP level 8. HP: 24/62 MP: 12/12
  4874 | D:6      | Found a blossoming altar of Fedhas.
  5236 | D:6      | HP: 3/63 [orc priest/divine providence (17)]
  5476 | D:6      | Found a hide-covered altar of Uskayaw.
  5477 | D:6      | Found a bloodstained altar of Trog.
  5507 | D:6      | Found a shimmering altar of Xom.
  5512 | D:6      | Found a radiant altar of Vehumet.
  5514 | D:6      | Found a stormy altar of Qazlal.
  5515 | D:6      | Found a deep blue altar of Sif Muna.
  5654 | D:6      | HP: 2/64 [orc priest/divine providence (14)]
  6059 | D:7      | Reached XP level 9. HP: 67/69 MP: 14/14
  6144 | D:7      | Noticed vineage's ghost (novice DsGl)
  6575 | D:7      | Found an opulent altar of Gozag.
  7082 | D:7      | Found a staircase to the Ecumenical Temple.
  7274 | Temple   | Entered the Ecumenical Temple
  7570 | D:8      | Reached **** piety under Lugonu
  7585 | D:8      | Reached skill level 5 in Dodging
  7836 | D:8      | Noticed Pikel
  7852 | D:8      | Killed Pikel
  8046 | D:8      | Found a shadowy altar of Dithmenos.
  8733 | D:8      | Gained mutation: You have large cloven feet. [demonic ancestry]
  8733 | D:8      | Reached XP level 10. HP: 54/79 MP: 16/16
  9245 | D:8      | Reached ***** piety under Lugonu
  9542 | D:9      | Noticed a queen ant
  9555 | D:9      | Banished a queen ant
 10257 | D:9      | Reached skill level 5 in Armour
 10790 | D:10     | Entered Level 10 of the Dungeon
 10834 | D:10     | Reached XP level 11. HP: 63/86 MP: 18/18
 10892 | D:10     | Reached skill level 10 in Invocations
 11073 | D:10     | Reached skill level 10 in Polearms
 11109 | D:10     | Found a staircase to the Orcish Mines.
 11137 | D:10     | Noticed Sonja
 11146 | D:10     | Killed Sonja
 11319 | D:10     | Found a shadowy altar of Dithmenos.
 11804 | D:11     | Found a staircase to the Lair.
 12270 | D:11     | Noticed Psyche
 12310 | D:11     | Killed Psyche
 12332 | D:11     | Noticed a purple ugly thing
 12337 | D:11     | Banished a purple ugly thing
 12385 | Lair:1   | Entered Level 1 of the Lair of Beasts
 12390 | Lair:1   | Noticed Ratty's ghost (journeyman DEFE)
 12407 | Lair:1   | Banished Ratty's ghost
 13332 | Lair:2   | Found a staircase to the Swamp.
 13363 | Lair:2   | Gained mutation: A demonic guardian rushes to your aid. [demonic ancestry]
 13363 | Lair:2   | Reached XP level 12. HP: 96/96 MP: 19/19
 13444 | Lair:2   | Noticed a seven-headed hydra
 13450 | Lair:2   | Banished a seven-headed hydra
 13779 | Lair:2   | Got a pair of pitted gloves
 13790 | Lair:2   | Identified the cursed +0 pair of gloves of the Volcano {rPois Str+4} (You found it on level 2 of the Lair of Beasts)
 14296 | Lair:3   | Reached skill level 10 in Fighting
 14448 | Lair:3   | Noticed a death yak
 14471 | Lair:3   | Killed a death yak
 14550 | D:11     | Got a warped spear
 14551 | D:11     | Identified the cursed +3 spear "Conservator" {freeze, Int+6} (You found it on level 11 of the Dungeon)
 14979 | Lair:3   | Found a runed door.
 15191 | Lair:3   | Reached ****** piety under Lugonu
 15299 | Lair:3   | Noticed a catoblepas
 15299 | Lair:3   | Noticed a catoblepas
 15322 | Lair:3   | Killed a catoblepas
 15322 | Lair:3   | Killed a catoblepas
 15322 | Lair:3   | Reached skill level 10 in Armour
 16001 | Lair:4   | Found a staircase to the Snake Pit.
 16106 | Lair:4   | Noticed an eight-headed hydra
 16108 | Lair:4   | Banished an eight-headed hydra
 16108 | Lair:4   | Reached XP level 13. HP: 105/105 MP: 20/20
 16363 | D:7      | Killed vineage's ghost
 17078 | Lair:4   | Reached skill level 1 in Spellcasting
 17355 | Lair:5   | Found a runed door.
 17359 | Lair:5   | Found a viscous altar of Jiyva.
 17360 | Lair:5   | Found a staircase to the Slime Pits.
 17361 | Lair:5   | Noticed an acid blob
 17705 | Lair:5   | Noticed Snorg
 17718 | Lair:5   | Banished Snorg
 17974 | Lair:6   | Entered Level 6 of the Lair of Beasts
 18014 | Lair:6   | Found a white marble altar of Elyvilon.
 18166 | Lair:6   | Noticed a fire dragon
 18176 | Lair:6   | Killed a fire dragon
 18804 | Lair:6   | Noticed a dire elephant
 19103 | Lair:6   | Killed a dire elephant
 20081 | D:11     | Noticed an ettin
 20082 | D:11     | Noticed a tengu reaver
 20093 | D:11     | Banished a tengu reaver
 20093 | D:11     | Reached XP level 14. HP: 48/114 MP: 23/23
 20421 | D:11     | HP: 3/115 [something (9)]
 20423 | D:11     | Slain by an unseen horror

Skill      XL: |  1  2  3  4  5  6  7  8  9 10 11 12 13 14 |
---------------+-------------------------------------------+-----
Dodging        | 1 2 3 4 5 8 9 |  9.0
Polearms       | 2 3 4 5 7 8 9 10 11 12 | 12.3
Invocations    | 3 4 5 7 8 9 10 12 | 12.4
Fighting       | 4 5 6 7 8 9 10 11 12 | 12.0
Armour         | 2 5 8 10 | 10.8
Spellcasting   | 1 |  1.1

Action                   |  1- 3 |  4- 6 |  7- 9 | 10-12 | 13-15 || total
-------------------------+-------+-------+-------+-------+-------++-------
Melee: Spear             |    89 |    72 |       |       |       ||   161
       Trident           |       |    92 |   480 |   990 |    21 ||  1583
       Kick              |       |       |       |   146 |       ||   146
       Glaive            |       |       |       |       |   383 ||   383
Invok: Banish            |       |     2 |     4 |     8 |    13 ||    27
       Bend Space        |       |     1 |       |       |     2 ||     3
Evoke: Wand              |       |       |       |     7 |       ||     7
       Phial of floods   |       |       |       |     1 |     1 ||     2
  Use: Scroll            |     7 |     5 |     7 |    14 |    13 ||    46
       Potion            |     2 |     5 |     5 |     1 |     2 ||    15
 Stab: Sleeping          |     2 |     2 |     1 |     3 |       ||     8
       Distracted        |       |       |     2 |     4 |       ||     6
       Invisible         |       |       |     2 |       |       ||     2
       Petrified         |       |       |       |       |     5 ||     5
  Eat: Chunk             |     2 |     3 |     3 |    12 |    11 ||    31
       Bread ration      |       |     1 |     2 |     4 |     2 ||     9
       Fruit             |       |     1 |       |       |       ||     1
       Meat ration       |       |       |     1 |       |       ||     1
       Royal jelly       |       |       |       |     1 |     2 ||     3
Armor: Leather armour    |    16 |    29 |    66 |    48 |       ||   159
       Skin              |       |    17 |    28 |       |       ||    45
       Troll leather arm |       |       |       |   181 |    90 ||   271
Dodge: Dodged            |    27 |    53 |   196 |   434 |   237 ||   947
Block: Other             |       |       |    12 |    56 |   103 ||   171
       Reflection        |       |       |       |       |     1 ||     1
